Mulligans vs Harfangs
Created - February 14, 2020 at 20:26
Goals
|
| Mulligans |
3 |
1 |
1 |
0 |
1 |
6 |
| Harfangs |
1 |
3 |
1 |
0 |
0 |
5 |
|
Shots
|
| Mulligans |
14 |
11 |
9 |
2 |
3 |
36 |
| Harfangs |
10 |
14 |
9 |
2 |
3 |
35 |
|
1st period
1. Harfangs , Dylan Olsen 5 (Michael Bournival 39, Tyler Brenner 23) at 2:24 (PP)
2. Mulligans , Logan Shaw 23 (Maxime Macenauer 22, Matt Beleskey 24) at 11:25 (PP)
3. Mulligans , Matt Beleskey 17 (Maxime Macenauer 23, Logan Shaw 25) at 15:31
4. Mulligans , Drayson Bowman 12 (Joonas Donskoi 12, Sam Bennett 8) at 18:16
Penalties :
Eric Tangradi (Rep) for Tripping (Minor) at 2:14, Dylan Olsen (BEA) for Slashing (Double Minor) at 10:17, Cody Goloubef (Rep) for Tripping (Minor) at 19:33
2nd period
5. Harfangs , Michael Bournival 26 (Tyler Brenner 24) at 0:16 (PP)
6. Harfangs , Tyler Randell 20 (Calle Jarnkrok 43) at 10:55
7. Mulligans , Matt Beleskey 18 (Maxime Macenauer 24, Darren Dietz 12) at 12:42
8. Harfangs , Michael Bournival 27 (Brenden Kichton 6) at 19:16
Penalties :
Logan Shaw (Rep) for Hooking (Minor) at 4:34, Tyler Randell (BEA) for Holding (Minor) at 7:27, Cristoval Nieves (BEA) for Holding (Minor) at 15:02
3rd period
9. Harfangs , Tyler Randell 21 (Tyler Brenner 25, Michael Bournival 40) at 10:29
10. Mulligans , Anton Lander 17 (Eric Tangradi 25, Cody Goloubef 22) at 15:57
Penalties :
Michael Bournival (BEA) for Hooking (Minor) at 3:39
Overtime #1
No Goal
Penalties :
Michael Sdao (Rep) for Elbowing (Minor) at 0:27
Shootout
Mulligans, Anton Lander - Stopped by Ilya Sorokin
Harfangs, Tyler Randell - Shot Misses the Net
Mulligans, Eric Tangradi - Goal!
Harfangs, Michael Bournival - Shot Misses the Net
Mulligans, Jonathan Ferland - Shot Misses the Net
Harfangs, Tyler Brenner - Stopped by Juuse Saros
Penalties :
No Penalty
Goalie Stats
Juuse Saros (Rep), 30 saves from 35 shots - (0.857), W, 4-6-1, 65:00 minutes
Ilya Sorokin (BEA), 31 saves from 36 shots - (0.861), OTL, 8-6-2, 65:00 minutes
Players Stats for Mulligans
Player Name G A P +/- PIM S H SB GA TA FO MP PP MP PK MP
------------------------------------------------------------------------------------
Anton Lander 1 0 1 0 0 6 1 0 0 0 23/43 24:23 4:39 3:10
Ben Hutton 0 0 0 0 0 1 2 1 0 0 0/0 21:16 3:28 1:44
Cade Fairchild 0 0 0 0 0 0 1 2 0 0 0/0 21:16 3:28 1:44
Cody Goloubef 0 1 1 -1 2 1 3 6 1 4 0/0 30:50 5:22 2:25
Dalton Thrower 0 0 0 2 0 0 0 1 0 1 0/0 13:56 0:14 1:47
Darren Dietz 0 1 1 2 0 2 0 5 0 0 0/0 12:11 0:14 0:00
Drayson Bowman 1 0 1 1 0 8 1 2 0 0 0/0 12:04 0:11 0:00
Eric Tangradi 0 1 1 0 2 4 3 1 0 2 2/2 23:21 4:28 2:10
Jonathan Ferland 0 0 0 0 0 2 1 3 0 0 1/3 20:33 4:39 0:28
Joonas Donskoi 0 1 1 1 0 2 2 0 0 0 0/0 13:29 0:00 1:02
Logan Shaw 1 1 2 1 2 2 1 2 0 0 0/0 18:13 4:25 0:00
Matt Beleskey 2 1 3 1 0 4 1 2 1 1 0/0 17:25 4:25 0:00
Maxime Macenauer 0 3 3 1 0 2 1 0 1 0 11/13 18:20 4:25 0:28
Michael Sdao 0 0 0 0 2 0 0 2 0 0 0/0 25:31 5:22 1:58
Robbie Russo 0 0 0 -1 0 0 0 0 0 0 0/0 5:00 0:00 0:04
Robby Fabbri 0 0 0 -1 0 1 0 0 0 0 1/2 8:07 0:00 0:00
Sam Bennett 0 1 1 1 0 0 2 1 0 1 3/9 11:09 0:00 0:00
Sven Baertschi 0 0 0 -1 0 1 0 1 0 0 0/0 9:54 0:00 0:25
Valeri Nichushkin 0 0 0 -1 0 0 0 0 0 0 0/0 8:07 0:00 0:00
Players Stats for Harfangs
Player Name G A P +/- PIM S H SB GA TA FO MP PP MP PK MP
------------------------------------------------------------------------------------
Anthony Angello 0 0 0 0 0 0 0 0 0 0 0/0 0:00 0:00 0:00
Brandon McMillan 0 0 0 -1 0 2 1 0 0 0 0/1 13:30 0:59 0:00
Brendan Leipsic 0 0 0 0 0 0 0 0 0 0 0/0 0:55 0:00 0:10
Brenden Kichton 0 1 1 0 0 0 0 1 0 0 0/0 12:33 0:00 2:13
Calle Jarnkrok 0 1 1 -1 0 4 1 1 1 0 3/12 17:27 0:59 2:15
Cristoval Nieves 0 0 0 0 2 1 1 0 0 0 1/2 8:06 0:00 0:55
Devon Teows 0 0 0 1 0 0 0 0 0 0 0/0 4:18 0:00 0:00
Dylan Olsen 1 0 1 -1 4 4 2 4 0 0 0/0 26:57 2:16 2:37
Erik Nystrom 0 0 0 -1 0 6 1 0 1 1 0/0 12:09 0:00 0:00
Jake Dotchin 0 0 0 -1 0 2 0 0 0 0 0/0 21:03 0:36 4:03
JC Lipon 0 0 0 0 0 0 0 0 0 0 0/0 0:00 0:00 0:00
Laurent Dauphin 0 0 0 0 0 0 0 0 0 0 1/3 2:46 0:00 2:19
Lucas Wallmarkk 0 0 0 0 0 0 0 0 0 0 0/0 0:45 0:00 0:00
Mark Alt 0 0 0 0 0 0 0 0 0 0 0/0 9:33 0:00 0:00
Michael Bournival 2 2 4 1 2 6 5 0 2 0 1/3 24:30 1:53 4:04
Morgan Klimchuk 0 0 0 0 0 1 0 1 0 0 0/0 9:23 0:00 2:06
Nick Shore 0 0 0 -1 0 1 0 1 3 1 4/6 12:09 0:00 0:00
Nick Sorensen 0 0 0 0 0 0 0 0 0 0 0/0 7:11 0:00 0:00
Reid McNeill 0 0 0 -1 0 1 2 1 0 0 0/0 21:03 0:36 4:03
Rinat Valiev 0 0 0 1 0 0 1 0 0 0 0/0 5:16 0:00 0:34
Ryan Hartman 0 0 0 -1 0 2 0 0 0 0 1/1 13:30 0:59 0:00
Sven Andrighetto 0 0 0 -1 0 2 1 1 0 0 0/0 12:09 0:00 0:00
Tyler Brenner 0 3 3 1 0 1 0 0 1 0 14/32 21:24 1:53 1:59
Tyler Randell 2 0 2 1 2 2 0 0 0 0 6/12 24:56 1:53 4:20
Victor Bartley 0 0 0 -1 0 0 3 1 1 1 0/0 29:19 2:16 4:38
3 Stars
1 - Michael Bournival (BEA)
2 - Matt Beleskey (Rep)
3 - Maxime Macenauer (Rep)
Power Play
Mulligans - 1 on 5 Attempt(s) - 20.00%
Harfangs - 2 on 4 Attempt(s) - 50.00%
Penalty Kill
Mulligans - 2 on 4 Attempt(s) - 50.00%
- Score 0 goal in Penalty Kill
Harfangs - 4 on 5 Attempt(s) - 80.00%
- Score 0 goal in Penalty Kill
Team Stat
Mulligans - Hits : 19 - Faceoff Wins : 41 - Blocked Shots : 29 - Penalty Minutes : 8
Harfangs - Hits : 18 - Faceoff Wins : 31 - Blocked Shots : 11 - Penalty Minutes : 10
Official
Referees : Unknown
Linesman : Unknown
Game Notes
18:45 of 3rd period - Harfangs goal is going for a video replay. After video review, No Goal. The goal has been scored and an ineligible player is on the ice.
Finance
Level 1 -- Attendance: 2000 (100.00%) -- Ticket Income $68,000
Level 2 -- Attendance: 650 (65.00%) -- Ticket Income $12,350
Total Attendance: 2650 (88.33%)
Total Ticket Income: $80,350
Other Income: $4,018
Total Income: $84,368
Mulligans
5 vs 5 Forward
Center Left Wing Right Wing Time % Phy DF OF
1 Anton Lander Eric Tangradi Jonathan Ferland 40 1 2 2
2 Maxime Macenauer Matt Beleskey Logan Shaw 30 1 2 2
3 Sam Bennett Drayson Bowman Joonas Donskoi 20 1 2 2
4 Robby Fabbri Sven Baertschi Valeri Nichushkin 10 1 2 2
5 vs 5 Defense
Defense Defense Time % Phy DF OF
1 Cody Goloubef Michael Sdao 40 1 2 2
2 Ben Hutton Cade Fairchild 30 1 2 2
3 Darren Dietz Dalton Thrower 20 1 2 2
4 Robbie Russo Cody Goloubef 10 1 2 2
PowerPlay Forward
Center Left Wing Right Wing Time % Phy DF OF
1 Anton Lander Eric Tangradi Jonathan Ferland 60 1 2 2
2 Maxime Macenauer Matt Beleskey Logan Shaw 40 1 2 2
PowerPlay Defense
Defense Defense Time % Phy DF OF
1 Cody Goloubef Michael Sdao 60 1 2 2
2 Ben Hutton Cade Fairchild 40 1 2 2
Penalty Kill 4 Players Forward
Center Wing Time % Phy DF OF
1 Anton Lander Eric Tangradi 60 1 2 2
2 Jonathan Ferland Maxime Macenauer 40 1 2 2
Penalty Kill 4 Players Defense
Defense Defense Time % Phy DF OF
1 Cody Goloubef Michael Sdao 60 1 2 2
2 Ben Hutton Cade Fairchild 40 1 2 2
Penalty Kill - 3 Players Forward
Forward Time % Phy DF OF
1 Anton Lander 60 1 2 2
2 Eric Tangradi 40 1 2 2
Penalty Kill - 3 Players Defense
Defense Defense Time % Phy DF OF
1 Cody Goloubef Michael Sdao 60 1 2 2
2 Ben Hutton Cade Fairchild 40 1 2 2
4 vs 4 Forward
Center Wing Time % Phy DF OF
1 Anton Lander Eric Tangradi 60 1 2 2
2 Jonathan Ferland Maxime Macenauer 40 1 2 2
4 vs 4 Defense
Defense Defense Time % Phy DF OF
1 Cody Goloubef Michael Sdao 60 1 2 2
2 Ben Hutton Cade Fairchild 40 1 2 2
Last Minutes Offensive
Center Left Wing Right Wing Defense Defense
Anton Lander Eric Tangradi Jonathan Ferland Cody Goloubef Michael Sdao
Last Minutes Defensive
Center Left Wing Right Wing Defense Defense
Anton Lander Eric Tangradi Jonathan Ferland Cody Goloubef Michael Sdao
Goaltenders
Starting : Juuse Saros
Backup : Calvin Pickard
Extra Forwards
Normal : Drayson Bowman, Sven Baertschi, Joonas Donskoi - PP : Drayson Bowman, Sven Baertschi - PK : Joonas Donskoi
Extra Defensemen
Normal : Darren Dietz, Dalton Thrower, Robbie Russo - PP : Darren Dietz - PK : Dalton Thrower, Robbie Russo
Penalty Shots
Anton Lander, Eric Tangradi, Jonathan Ferland, Maxime Macenauer, Matt Beleskey
Scratches
Reid Boucher (Healthy), Nick Moutrey (Healthy), John Hayden (Healthy), Jonny Brodzinski (Healthy), Cristiano Digiacinto (Healthy)
Harfangs
5 vs 5 Forward
Center Left Wing Right Wing Time % Phy DF OF
1 Tyler Brenner Michael Bournival Tyler Randell 40 1 2 2
2 Calle Jarnkrok Brandon McMillan Ryan Hartman 30 1 2 2
3 Nick Shore Erik Nystrom Sven Andrighetto 20 1 2 2
4 Cristoval Nieves Morgan Klimchuk Nick Sorensen 10 1 2 2
5 vs 5 Defense
Defense Defense Time % Phy DF OF
1 Dylan Olsen Victor Bartley 40 1 2 2
2 Reid McNeill Jake Dotchin 30 1 2 2
3 Mark Alt Brenden Kichton 20 1 2 2
4 Rinat Valiev Devon Teows 10 1 2 2
PowerPlay Forward
Center Left Wing Right Wing Time % Phy DF OF
1 Tyler Brenner Michael Bournival Tyler Randell 60 1 2 2
2 Calle Jarnkrok Brandon McMillan Ryan Hartman 40 1 2 2
PowerPlay Defense
Defense Defense Time % Phy DF OF
1 Dylan Olsen Victor Bartley 60 1 2 2
2 Reid McNeill Jake Dotchin 40 1 2 2
Penalty Kill 4 Players Forward
Center Wing Time % Phy DF OF
1 Tyler Randell Michael Bournival 60 1 2 2
2 Tyler Brenner Calle Jarnkrok 40 1 2 2
Penalty Kill 4 Players Defense
Defense Defense Time % Phy DF OF
1 Dylan Olsen Victor Bartley 60 1 2 2
2 Reid McNeill Jake Dotchin 40 1 2 2
Penalty Kill - 3 Players Forward
Forward Time % Phy DF OF
1 Tyler Randell 60 1 2 2
2 Michael Bournival 40 1 2 2
Penalty Kill - 3 Players Defense
Defense Defense Time % Phy DF OF
1 Dylan Olsen Victor Bartley 60 1 2 2
2 Reid McNeill Jake Dotchin 40 1 2 2
4 vs 4 Forward
Center Wing Time % Phy DF OF
1 Tyler Randell Michael Bournival 60 1 2 2
2 Tyler Brenner Calle Jarnkrok 40 1 2 2
4 vs 4 Defense
Defense Defense Time % Phy DF OF
1 Dylan Olsen Victor Bartley 60 1 2 2
2 Reid McNeill Jake Dotchin 40 1 2 2
Last Minutes Offensive
Center Left Wing Right Wing Defense Defense
Tyler Brenner Michael Bournival Tyler Randell Dylan Olsen Victor Bartley
Last Minutes Defensive
Center Left Wing Right Wing Defense Defense
Tyler Brenner Michael Bournival Tyler Randell Dylan Olsen Victor Bartley
Goaltenders
Starting : Ilya Sorokin
Backup : Anton Forsberg
Extra Forwards
Normal : Brendan Leipsic, Lucas Wallmarkk, Laurent Dauphin - PP : Brendan Leipsic, Lucas Wallmarkk - PK : Laurent Dauphin
Extra Defensemen
Normal : Mark Alt, Brenden Kichton, Rinat Valiev - PP : Mark Alt - PK : Brenden Kichton, Rinat Valiev
Penalty Shots
Tyler Randell, Michael Bournival, Tyler Brenner, Calle Jarnkrok, Brandon McMillan
Scratches
Blake Heinrich (Left Eye Injury), Justin Kirkland (Healthy), Jason Kasdorf (Healthy), Mark Visentin (Healthy), Scott Wedgewood (Healthy)
Zachary Fucale (Healthy)
% Time on Ice - Mulligans
Lines # - Real PCT - Wanted PCT - Time Play
Normal Forward
1 - 33% - 40% - 15:48
2 - 27% - 30% - 13:00
3 - 23% - 20% - 11:09
4 - 17% - 10% - 8:07
Normal Defense
1 - 35% - 40% - 16:56
2 - 31% - 30% - 14:49
3 - 24% - 20% - 11:25
4 - 10% - 10% - 4:54
PP Forward
1 - 51% - 60% - 4:39
2 - 49% - 40% - 4:25
PP Defense
1 - 62% - 60% - 5:36
2 - 38% - 40% - 3:28
PK Forward
1 - 84% - 60% - 2:24
2 - 16% - 40% - 0:28
PK Defense
1 - 69% - 60% - 1:58
2 - 31% - 40% - 0:54
PK3 Forward
1 - 82% - 60% - 1:38
2 - 18% - 40% - 0:21
PK3 Defense
1 - 58% - 60% - 1:09
2 - 42% - 40% - 0:50
44 Forward
1 - 85% - 60% - 2:34
2 - 15% - 40% - 0:27
44 Defense
1 - 59% - 60% - 1:46
2 - 41% - 40% - 1:15
Last Minute Offensive - 0:00
Last Minute Defensive - 0:00
Total
Forward - 65:00
Defense - 65:00
|
% Time on Ice - Harfangs
Lines # - Real PCT - Wanted PCT - Time Play
Normal Forward
1 - 33% - 40% - 16:01
2 - 26% - 30% - 12:43
3 - 25% - 20% - 12:09
4 - 15% - 10% - 7:11
Normal Defense
1 - 42% - 40% - 20:08
2 - 29% - 30% - 14:05
3 - 20% - 20% - 9:33
4 - 9% - 10% - 4:18
PP Forward
1 - 66% - 60% - 1:53
2 - 34% - 40% - 0:59
PP Defense
1 - 79% - 60% - 2:16
2 - 21% - 40% - 0:36
PK Forward
1 - 78% - 60% - 7:05
2 - 22% - 40% - 1:59
PK Defense
1 - 55% - 60% - 5:01
2 - 45% - 40% - 4:03
PK3 Forward
1 - 0% - 60%
2 - 0% - 40%
PK3 Defense
1 - 0% - 60%
2 - 0% - 40%
44 Forward
1 - 72% - 60% - 3:35
2 - 28% - 40% - 1:25
44 Defense
1 - 54% - 60% - 2:41
2 - 46% - 40% - 2:19
Last Minute Offensive - 0:00
Last Minute Defensive - 0:00
Total
Forward - 65:00
Defense - 65:00
|
Play-by-Play
1st period
0:01 of 1st period - Tyler Randell wins face-off versus Anton Lander in neutral zone.
0:35 of 1st period - Snap shot by Calle Jarnkrok.
0:35 of 1st period - Shot Blocked by Logan Shaw.
0:37 of 1st period - Slapshot by Victor Bartley.
0:37 of 1st period - Deflect By Ryan Hartman.
0:37 of 1st period - Shot Misses the Net.
0:37 of 1st period - Puck is out of play.
0:38 of 1st period - Nick Shore wins face-off versus Sam Bennett in Mulligans zone.
1:28 of 1st period - Slapshot by Brandon McMillan.
1:28 of 1st period - Deflect By Calle Jarnkrok.
1:28 of 1st period - Stopped by Juuse Saros with a rebound.
1:30 of 1st period - Snap shot by Calle Jarnkrok.
1:30 of 1st period - Stopped by Juuse Saros with a rebound.
1:32 of 1st period - Snap shot by Calle Jarnkrok.
1:32 of 1st period - Stopped by Juuse Saros without a rebound.
1:33 of 1st period - Tyler Brenner wins face-off versus Maxime Macenauer in Mulligans zone.
2:00 of 1st period - Mark Alt is hit by Cody Goloubef.
2:14 of 1st period - Minor Penalty to Eric Tangradi for Tripping.
2:15 of 1st period - Tyler Brenner wins face-off versus Anton Lander in Mulligans zone.
2:22 of 1st period - Slapshot by Michael Bournival.
2:22 of 1st period - Shot Misses the Net.
2:24 of 1st period - Snap shot by Dylan Olsen.
2:24 of 1st period - Goal by Dylan Olsen - Mulligans : 0 - Harfangs : 1.
2:25 of 1st period - Tyler Brenner wins face-off versus Sam Bennett in neutral zone.
2:35 of 1st period - Icing by Cody Goloubef.
2:36 of 1st period - Sam Bennett wins face-off versus Tyler Brenner in Mulligans zone.
3:05 of 1st period - Wrist shot by Matt Beleskey.
3:05 of 1st period - Shot Blocked by Sven Andrighetto.
3:08 of 1st period - Icing by Victor Bartley.
3:09 of 1st period - Nick Shore wins face-off versus Anton Lander in Harfangs zone.
3:34 of 1st period - Ryan Hartman is hit by Logan Shaw and loses puck.
3:57 of 1st period - Snap shot by Michael Bournival.
3:57 of 1st period - Stopped by Juuse Saros without a rebound.
3:58 of 1st period - Anton Lander wins face-off versus Tyler Brenner in Mulligans zone.
4:59 of 1st period - Slapshot by Michael Bournival.
4:59 of 1st period - Deflect By Tyler Brenner.
4:59 of 1st period - Shot Blocked by Sven Baertschi.
4:59 of 1st period - Puck is out of play.
5:00 of 1st period - Jonathan Ferland wins face-off versus Calle Jarnkrok in Mulligans zone.
5:00 of 1st period - Jonathan Ferland is hit by Reid McNeill.
5:54 of 1st period - Wrist shot by Sven Andrighetto.
5:54 of 1st period - Shot Blocked by Drayson Bowman.
5:56 of 1st period - Slapshot by Rinat Valiev.
5:56 of 1st period - Shot Blocked by Cody Goloubef.
5:58 of 1st period - Snap shot by Sven Andrighetto.
5:58 of 1st period - Shot Blocked by Sam Bennett.
6:14 of 1st period - Michael Sdao is hit by Rinat Valiev.
7:04 of 1st period - Slapshot by Drayson Bowman.
7:04 of 1st period - Stopped by Ilya Sorokin without a rebound.
7:05 of 1st period - Calle Jarnkrok wins face-off versus Anton Lander in Harfangs zone.
7:14 of 1st period - Wrist shot by Calle Jarnkrok.
7:14 of 1st period - Shot Blocked by Darren Dietz.
7:39 of 1st period - Snap shot by Matt Beleskey.
7:39 of 1st period - Stopped by Ilya Sorokin without a rebound.
7:40 of 1st period - Tyler Brenner wins face-off versus Anton Lander in Harfangs zone.
8:21 of 1st period - Mark Alt is hit by Maxime Macenauer and loses puck.
8:38 of 1st period - Snap shot by Drayson Bowman.
8:38 of 1st period - Shot Blocked by Brenden Kichton.
8:40 of 1st period - Backhand shot by Drayson Bowman.
8:40 of 1st period - Shot Misses the Net.
8:42 of 1st period - Wrist shot by Drayson Bowman.
8:42 of 1st period - Stopped by Ilya Sorokin with a rebound.
8:52 of 1st period - Slapshot by Sven Andrighetto.
8:52 of 1st period - Stopped by Juuse Saros without a rebound.
8:53 of 1st period - Nick Shore wins face-off versus Robby Fabbri in Mulligans zone.
8:53 of 1st period - Nick Shore is hit by Ben Hutton.
9:17 of 1st period - Ben Hutton is hit by Sven Andrighetto and loses puck.
9:26 of 1st period - Wrist shot by Erik Nystrom.
9:26 of 1st period - Stopped by Juuse Saros with a rebound.
10:00 of 1st period - Slapshot by Ben Hutton.
10:00 of 1st period - Stopped by Ilya Sorokin without a rebound.
10:01 of 1st period - Anton Lander wins face-off versus Tyler Brenner in Harfangs zone.
10:14 of 1st period - Wrist shot by Anton Lander.
10:14 of 1st period - Stopped by Ilya Sorokin without a rebound.
10:15 of 1st period - Tyler Brenner wins face-off versus Anton Lander in Harfangs zone.
10:17 of 1st period - Double Minor Penalty to Dylan Olsen for Slashing.
10:18 of 1st period - Tyler Randell wins face-off versus Anton Lander in Harfangs zone.
10:52 of 1st period - Wrist shot by Calle Jarnkrok.
10:52 of 1st period - Shot Blocked by Cade Fairchild.
10:57 of 1st period - Icing by Logan Shaw.
10:58 of 1st period - Maxime Macenauer wins face-off versus Tyler Brenner in Mulligans zone.
11:21 of 1st period - Slapshot by Matt Beleskey.
11:21 of 1st period - Shot Misses the Net.
11:23 of 1st period - Snap shot by Maxime Macenauer.
11:23 of 1st period - Shot Misses the Net.
11:25 of 1st period - Snap shot by Logan Shaw.
11:25 of 1st period - Goal by Logan Shaw - Mulligans : 1 - Harfangs : 1.
11:26 of 1st period - Anton Lander wins face-off versus Tyler Randell in neutral zone.
12:40 of 1st period - Victor Bartley is hit by Eric Tangradi.
12:57 of 1st period - Icing by Eric Tangradi.
12:58 of 1st period - Anton Lander wins face-off versus Tyler Randell in Mulligans zone.
13:20 of 1st period - Cody Goloubef is hit by Calle Jarnkrok and loses puck.
13:25 of 1st period - Penalty to Dylan Olsen is over, Dylan Olsen is back on ice.
14:02 of 1st period - Wrist shot by Nick Shore.
14:02 of 1st period - Shot Blocked by Cody Goloubef.
14:16 of 1st period - Slapshot by Logan Shaw.
14:16 of 1st period - Stopped by Ilya Sorokin without a rebound.
14:17 of 1st period - Maxime Macenauer wins face-off versus Calle Jarnkrok in Harfangs zone.
14:18 of 1st period - Snap shot by Logan Shaw.
14:18 of 1st period - Shot Misses the Net.
14:34 of 1st period - Snap shot by Ryan Hartman.
14:34 of 1st period - Shot Blocked by Matt Beleskey.
14:38 of 1st period - Slapshot by Calle Jarnkrok.
14:38 of 1st period - Deflect By Ryan Hartman.
14:38 of 1st period - Shot Misses the Net.
14:38 of 1st period - Puck is out of play.
14:39 of 1st period - Anton Lander wins face-off versus Tyler Brenner in Mulligans zone.
14:48 of 1st period - Snap shot by Jonathan Ferland.
14:48 of 1st period - Shot Blocked by Reid McNeill.
15:23 of 1st period - Wrist shot by Eric Tangradi.
15:23 of 1st period - Stopped by Ilya Sorokin without a rebound.
15:24 of 1st period - Maxime Macenauer wins face-off versus Michael Bournival in Harfangs zone.
15:29 of 1st period - Snap shot by Matt Beleskey.
15:29 of 1st period - Stopped by Ilya Sorokin with a rebound.
15:31 of 1st period - Slapshot by Matt Beleskey.
15:31 of 1st period - Goal by Matt Beleskey - Mulligans : 2 - Harfangs : 1.
15:32 of 1st period - Anton Lander wins face-off versus Tyler Brenner in neutral zone.
15:57 of 1st period - Tyler Brenner is hit by Drayson Bowman and loses puck.
16:02 of 1st period - Slapshot by Drayson Bowman.
16:02 of 1st period - Deflect By Joonas Donskoi.
16:02 of 1st period - Shot Misses the Net.
16:02 of 1st period - Puck is out of play.
16:03 of 1st period - Calle Jarnkrok wins face-off versus Sam Bennett in Harfangs zone.
16:24 of 1st period - Snap shot by Drayson Bowman.
16:24 of 1st period - Stopped by Ilya Sorokin with a rebound.
16:34 of 1st period - Wrist shot by Drayson Bowman.
16:34 of 1st period - Stopped by Ilya Sorokin without a rebound.
16:35 of 1st period - Anton Lander wins face-off versus Michael Bournival in Harfangs zone.
18:14 of 1st period - Slapshot by Drayson Bowman.
18:14 of 1st period - Stopped by Ilya Sorokin with a rebound.
18:16 of 1st period - Snap shot by Drayson Bowman.
18:16 of 1st period - Goal by Drayson Bowman - Mulligans : 3 - Harfangs : 1.
18:17 of 1st period - Anton Lander wins face-off versus Tyler Brenner in neutral zone.
18:44 of 1st period - Icing by Ryan Hartman.
18:45 of 1st period - Maxime Macenauer wins face-off versus Brandon McMillan in Harfangs zone.
18:56 of 1st period - Snap shot by Logan Shaw.
18:56 of 1st period - Shot Blocked by Victor Bartley.
19:08 of 1st period - Wrist shot by Ryan Hartman.
19:08 of 1st period - Stopped by Juuse Saros with a rebound.
19:10 of 1st period - Slapshot by Victor Bartley.
19:10 of 1st period - Shot Misses the Net.
19:12 of 1st period - Wrist shot by Ryan Hartman.
19:12 of 1st period - Shot Misses the Net.
19:14 of 1st period - Wrist shot by Calle Jarnkrok.
19:14 of 1st period - Stopped by Juuse Saros without a rebound.
19:15 of 1st period - Tyler Brenner wins face-off versus Anton Lander in Mulligans zone.
19:20 of 1st period - Slapshot by Michael Bournival.
19:20 of 1st period - Shot Blocked by Cody Goloubef.
19:22 of 1st period - Wrist shot by Michael Bournival.
19:22 of 1st period - Stopped by Juuse Saros without a rebound.
19:23 of 1st period - Tyler Brenner wins face-off versus Anton Lander in Mulligans zone.
19:26 of 1st period - Wrist shot by Tyler Randell.
19:26 of 1st period - Shot Blocked by Jonathan Ferland.
19:28 of 1st period - Snap shot by Tyler Brenner.
19:28 of 1st period - Shot Misses the Net.
19:33 of 1st period - Minor Penalty to Cody Goloubef for Tripping.
19:34 of 1st period - Anton Lander wins face-off versus Tyler Brenner in Mulligans zone.
19:42 of 1st period - Eric Tangradi is hit by Michael Bournival and loses puck.
Goals for this period are 3 for Mulligans vs 1 for Harfangs.
Shots for this period are 14 for Mulligans vs 10 for Harfangs.
2nd period
0:01 of 2nd period - Tyler Brenner wins face-off versus Anton Lander in neutral zone.
0:04 of 2nd period - Slapshot by Dylan Olsen.
0:04 of 2nd period - Shot Blocked by Michael Sdao.
0:16 of 2nd period - Wrist shot by Michael Bournival.
0:16 of 2nd period - Goal by Michael Bournival - Mulligans : 3 - Harfangs : 2.
0:17 of 2nd period - Tyler Brenner wins face-off versus Anton Lander in neutral zone.
0:26 of 2nd period - Snap shot by Tyler Randell.
0:26 of 2nd period - Shot Blocked by Jonathan Ferland.
0:28 of 2nd period - Slapshot by Victor Bartley.
0:28 of 2nd period - Shot Blocked by Eric Tangradi.
0:30 of 2nd period - Slapshot by Dylan Olsen.
0:30 of 2nd period - Deflect By Eric Tangradi.
0:30 of 2nd period - Stopped by Juuse Saros with a rebound.
0:32 of 2nd period - Slapshot by Dylan Olsen.
0:32 of 2nd period - Stopped by Juuse Saros without a rebound.
0:33 of 2nd period - Maxime Macenauer wins face-off versus Calle Jarnkrok in Mulligans zone.
0:40 of 2nd period - Snap shot by Maxime Macenauer.
0:40 of 2nd period - Shot Blocked by Dylan Olsen.
1:08 of 2nd period - Wrist shot by Eric Tangradi.
1:08 of 2nd period - Stopped by Ilya Sorokin without a rebound.
1:09 of 2nd period - Ryan Hartman wins face-off versus Maxime Macenauer in Harfangs zone.
1:16 of 2nd period - Snap shot by Calle Jarnkrok.
1:16 of 2nd period - Shot Blocked by Matt Beleskey.
1:18 of 2nd period - Slapshot by Reid McNeill.
1:18 of 2nd period - Stopped by Juuse Saros without a rebound.
1:19 of 2nd period - Maxime Macenauer wins face-off versus Calle Jarnkrok in Mulligans zone.
1:36 of 2nd period - Wrist shot by Calle Jarnkrok.
1:36 of 2nd period - Shot Misses the Net.
1:50 of 2nd period - Wrist shot by Brandon McMillan.
1:50 of 2nd period - Deflect By Ryan Hartman.
1:50 of 2nd period - Stopped by Juuse Saros without a rebound.
1:51 of 2nd period - Anton Lander wins face-off versus Tyler Brenner in Mulligans zone.
1:53 of 2nd period - Icing by Jonathan Ferland.
1:54 of 2nd period - Anton Lander wins face-off versus Tyler Brenner in Mulligans zone.
2:11 of 2nd period - Michael Sdao is hit by Victor Bartley and loses puck.
2:42 of 2nd period - Slapshot by Victor Bartley.
2:42 of 2nd period - Shot Blocked by Darren Dietz.
2:44 of 2nd period - Slapshot by Victor Bartley.
2:44 of 2nd period - Shot Blocked by Darren Dietz.
2:46 of 2nd period - Snap shot by Erik Nystrom.
2:46 of 2nd period - Shot Blocked by Dalton Thrower.
2:48 of 2nd period - Slapshot by Victor Bartley.
2:48 of 2nd period - Deflect By Erik Nystrom.
2:48 of 2nd period - Stopped by Juuse Saros without a rebound.
2:49 of 2nd period - Tyler Brenner wins face-off versus Jonathan Ferland in Mulligans zone.
2:50 of 2nd period - Wrist shot by Tyler Randell.
2:50 of 2nd period - Shot Misses the Net.
2:58 of 2nd period - Michael Bournival is hit by Anton Lander and loses puck.
4:17 of 2nd period - Eric Tangradi is hit by Michael Bournival and loses puck.
4:34 of 2nd period - Minor Penalty to Logan Shaw for Hooking.
4:35 of 2nd period - Anton Lander wins face-off versus Tyler Brenner in Mulligans zone.
4:46 of 2nd period - Wrist shot by Anton Lander.
4:46 of 2nd period - Stopped by Ilya Sorokin without a rebound.
4:47 of 2nd period - Michael Bournival wins face-off versus Anton Lander in Harfangs zone.
5:12 of 2nd period - Cody Goloubef is hit by Dylan Olsen and loses puck.
6:34 of 2nd period - Penalty to Logan Shaw is over, Logan Shaw is back on ice.
6:57 of 2nd period - Nick Shore is hit by Cody Goloubef and loses puck.
7:16 of 2nd period - Snap shot by Logan Shaw.
7:16 of 2nd period - Shot Misses the Net.
7:27 of 2nd period - Minor Penalty to Tyler Randell for Holding.
7:28 of 2nd period - Eric Tangradi wins face-off versus Laurent Dauphin in Harfangs zone.
7:28 of 2nd period - Wrist shot by Anton Lander.
7:28 of 2nd period - Stopped by Ilya Sorokin without a rebound.
7:29 of 2nd period - Laurent Dauphin wins face-off versus Anton Lander in Harfangs zone.
7:42 of 2nd period - Snap shot by Anton Lander.
7:42 of 2nd period - Shot Misses the Net.
7:44 of 2nd period - Wrist shot by Anton Lander.
7:44 of 2nd period - Stopped by Ilya Sorokin with a rebound.
8:29 of 2nd period - Jonathan Ferland is hit by Michael Bournival and loses puck.
9:27 of 2nd period - Penalty to Tyler Randell is over, Tyler Randell is back on ice.
9:43 of 2nd period - Snap shot by Erik Nystrom.
9:43 of 2nd period - Shot Blocked by Darren Dietz.
9:45 of 2nd period - Snap shot by Sven Andrighetto.
9:45 of 2nd period - Stopped by Juuse Saros with a rebound.
9:47 of 2nd period - Wrist shot by Sven Andrighetto.
9:47 of 2nd period - Deflect By Erik Nystrom.
9:47 of 2nd period - Stopped by Juuse Saros with a rebound.
10:16 of 2nd period - Cody Goloubef is hit by Michael Bournival and loses puck.
10:42 of 2nd period - Drayson Bowman is hit by Cristoval Nieves and loses puck.
10:55 of 2nd period - Slapshot by Tyler Randell.
10:55 of 2nd period - Goal by Tyler Randell - Mulligans : 3 - Harfangs : 3.
10:56 of 2nd period - Anton Lander wins face-off versus Tyler Brenner in neutral zone.
10:59 of 2nd period - Tyler Brenner is hit by Cade Fairchild.
11:05 of 2nd period - Anton Lander is hit by Michael Bournival and loses puck.
11:22 of 2nd period - Cade Fairchild is hit by Erik Nystrom and loses puck.
11:27 of 2nd period - Snap shot by Nick Shore.
11:27 of 2nd period - Stopped by Juuse Saros without a rebound.
11:28 of 2nd period - Maxime Macenauer wins face-off versus Nick Shore in Mulligans zone.
11:35 of 2nd period - Slapshot by Maxime Macenauer.
11:35 of 2nd period - Stopped by Ilya Sorokin with a rebound.
11:37 of 2nd period - Wrist shot by Matt Beleskey.
11:37 of 2nd period - Shot Blocked by Dylan Olsen.
12:40 of 2nd period - Snap shot by Maxime Macenauer.
12:40 of 2nd period - Shot Misses the Net.
12:42 of 2nd period - Slapshot by Matt Beleskey.
12:42 of 2nd period - Goal by Matt Beleskey - Mulligans : 4 - Harfangs : 3.
12:43 of 2nd period - Anton Lander wins face-off versus Tyler Brenner in neutral zone.
13:15 of 2nd period - Off-side.
13:16 of 2nd period - Cristoval Nieves wins face-off versus Sam Bennett in neutral zone.
14:04 of 2nd period - Snap shot by Ryan Hartman.
14:04 of 2nd period - Shot Blocked by Cody Goloubef.
15:02 of 2nd period - Minor Penalty to Cristoval Nieves for Holding.
15:03 of 2nd period - Anton Lander wins face-off versus Tyler Randell in Harfangs zone.
15:10 of 2nd period - Snap shot by Jonathan Ferland.
15:10 of 2nd period - Shot Blocked by Dylan Olsen.
15:14 of 2nd period - Slapshot by Eric Tangradi.
15:14 of 2nd period - Stopped by Ilya Sorokin with a rebound.
15:16 of 2nd period - Snap shot by Jonathan Ferland.
15:16 of 2nd period - Shot Misses the Net.
15:18 of 2nd period - Snap shot by Eric Tangradi.
15:18 of 2nd period - Shot Misses the Net.
15:28 of 2nd period - Matt Beleskey is hit by Dylan Olsen and loses puck.
15:39 of 2nd period - Wrist shot by Calle Jarnkrok.
15:39 of 2nd period - Deflect By Tyler Brenner.
15:39 of 2nd period - Stopped by Juuse Saros with a rebound.
15:42 of 2nd period - Icing by Cody Goloubef.
15:43 of 2nd period - Maxime Macenauer wins face-off versus Tyler Randell in Mulligans zone.
16:08 of 2nd period - Wrist shot by Logan Shaw.
16:08 of 2nd period - Shot Blocked by Calle Jarnkrok.
16:20 of 2nd period - Slapshot by Calle Jarnkrok.
16:20 of 2nd period - Shot Blocked by Michael Sdao.
17:02 of 2nd period - Penalty to Cristoval Nieves is over, Cristoval Nieves is back on ice.
17:12 of 2nd period - Slapshot by Drayson Bowman.
17:12 of 2nd period - Stopped by Ilya Sorokin with a rebound.
17:16 of 2nd period - Snap shot by Joonas Donskoi.
17:16 of 2nd period - Shot Blocked by Nick Shore.
17:18 of 2nd period - Snap shot by Darren Dietz.
17:18 of 2nd period - Stopped by Ilya Sorokin with a rebound.
17:51 of 2nd period - Snap shot by Calle Jarnkrok.
17:51 of 2nd period - Shot Misses the Net.
17:53 of 2nd period - Slapshot by Dylan Olsen.
17:53 of 2nd period - Stopped by Juuse Saros with a rebound.
18:20 of 2nd period - Snap shot by Erik Nystrom.
18:20 of 2nd period - Shot Blocked by Darren Dietz.
18:22 of 2nd period - Snap shot by Erik Nystrom.
18:22 of 2nd period - Stopped by Juuse Saros with a rebound.
18:36 of 2nd period - Victor Bartley is hit by Joonas Donskoi.
19:16 of 2nd period - Wrist shot by Michael Bournival.
19:16 of 2nd period - Goal by Michael Bournival - Mulligans : 4 - Harfangs : 4.
19:17 of 2nd period - Tyler Brenner wins face-off versus Anton Lander in neutral zone.
19:47 of 2nd period - Snap shot by Maxime Macenauer.
19:47 of 2nd period - Stopped by Ilya Sorokin without a rebound.
19:48 of 2nd period - Anton Lander wins face-off versus Calle Jarnkrok in Harfangs zone.
19:51 of 2nd period - Wrist shot by Jonathan Ferland.
19:51 of 2nd period - Stopped by Ilya Sorokin without a rebound.
19:52 of 2nd period - Anton Lander wins face-off versus Calle Jarnkrok in Harfangs zone.
Goals for this period are 1 for Mulligans vs 3 for Harfangs.
Shots for this period are 11 for Mulligans vs 14 for Harfangs.
3rd period
0:01 of 3rd period - Anton Lander wins face-off versus Tyler Brenner in neutral zone.
0:14 of 3rd period - Snap shot by Eric Tangradi.
0:14 of 3rd period - Shot Misses the Net.
0:52 of 3rd period - Erik Nystrom is hit by Sam Bennett and loses puck.
1:40 of 3rd period - Slapshot by Morgan Klimchuk.
1:40 of 3rd period - Stopped by Juuse Saros with a rebound.
1:42 of 3rd period - Snap shot by Cristoval Nieves.
1:42 of 3rd period - Stopped by Juuse Saros without a rebound.
1:43 of 3rd period - Calle Jarnkrok wins face-off versus Jonathan Ferland in Mulligans zone.
1:50 of 3rd period - Wrist shot by Brandon McMillan.
1:50 of 3rd period - Stopped by Juuse Saros with a rebound.
1:56 of 3rd period - Brandon McMillan is hit by Eric Tangradi and loses puck.
2:12 of 3rd period - Off-side.
2:13 of 3rd period - Sam Bennett wins face-off versus Tyler Brenner in neutral zone.
2:49 of 3rd period - Wrist shot by Erik Nystrom.
2:49 of 3rd period - Shot Blocked by Ben Hutton.
2:51 of 3rd period - Slapshot by Jake Dotchin.
2:51 of 3rd period - Shot Blocked by Cade Fairchild.
2:53 of 3rd period - Slapshot by Jake Dotchin.
2:53 of 3rd period - Shot Misses the Net.
2:55 of 3rd period - Slapshot by Jake Dotchin.
2:55 of 3rd period - Stopped by Juuse Saros without a rebound.
2:56 of 3rd period - Maxime Macenauer wins face-off versus Calle Jarnkrok in Mulligans zone.
3:08 of 3rd period - Snap shot by Ryan Hartman.
3:08 of 3rd period - Shot Misses the Net.
3:39 of 3rd period - Minor Penalty to Michael Bournival for Hooking.
3:40 of 3rd period - Anton Lander wins face-off versus Tyler Randell in Harfangs zone.
3:46 of 3rd period - Snap shot by Jonathan Ferland.
3:46 of 3rd period - Stopped by Ilya Sorokin with a rebound.
4:12 of 3rd period - Wrist shot by Maxime Macenauer.
4:12 of 3rd period - Deflect By Matt Beleskey.
4:12 of 3rd period - Shot Misses the Net.
4:12 of 3rd period - Puck is out of play.
4:13 of 3rd period - Maxime Macenauer wins face-off versus Tyler Randell in Harfangs zone.
4:30 of 3rd period - Slapshot by Cade Fairchild.
4:30 of 3rd period - Deflect By Anton Lander.
4:30 of 3rd period - Shot Blocked by Morgan Klimchuk.
4:30 of 3rd period - Puck is out of play.
4:31 of 3rd period - Anton Lander wins face-off versus Laurent Dauphin in Harfangs zone.
4:36 of 3rd period - Slapshot by Cody Goloubef.
4:36 of 3rd period - Deflect By Morgan Klimchuk.
4:36 of 3rd period - Stopped by Ilya Sorokin with a rebound.
5:39 of 3rd period - Penalty to Michael Bournival is over, Michael Bournival is back on ice.
5:39 of 3rd period - Snap shot by Tyler Randell.
5:39 of 3rd period - Shot Blocked by Jonathan Ferland.
5:55 of 3rd period - Slapshot by Jake Dotchin.
5:55 of 3rd period - Stopped by Juuse Saros without a rebound.
5:56 of 3rd period - Nick Shore wins face-off versus Sam Bennett in Mulligans zone.
6:09 of 3rd period - Wrist shot by Nick Shore.
6:09 of 3rd period - Deflect By Erik Nystrom.
6:09 of 3rd period - Shot Misses the Net.
6:09 of 3rd period - Puck is out of play.
6:10 of 3rd period - Tyler Brenner wins face-off versus Anton Lander in Mulligans zone.
6:40 of 3rd period - Reid McNeill is hit by Matt Beleskey and loses puck.
8:37 of 3rd period - Wrist shot by Darren Dietz.
8:37 of 3rd period - Deflect By Cristoval Nieves.
8:37 of 3rd period - Stopped by Ilya Sorokin with a rebound.
9:44 of 3rd period - Snap shot by Sven Baertschi.
9:44 of 3rd period - Shot Misses the Net.
9:55 of 3rd period - Icing by Dalton Thrower.
9:56 of 3rd period - Anton Lander wins face-off versus Cristoval Nieves in Mulligans zone.
10:07 of 3rd period - Snap shot by Eric Tangradi.
10:07 of 3rd period - Stopped by Ilya Sorokin with a rebound.
10:09 of 3rd period - Slapshot by Anton Lander.
10:09 of 3rd period - Stopped by Ilya Sorokin with a rebound.
10:11 of 3rd period - Wrist shot by Anton Lander.
10:11 of 3rd period - Shot Misses the Net.
10:23 of 3rd period - Slapshot by Tyler Randell.
10:23 of 3rd period - Shot Misses the Net.
10:25 of 3rd period - Snap shot by Michael Bournival.
10:25 of 3rd period - Shot Blocked by Logan Shaw.
10:27 of 3rd period - Snap shot by Tyler Brenner.
10:27 of 3rd period - Shot Misses the Net.
10:29 of 3rd period - Wrist shot by Tyler Randell.
10:29 of 3rd period - Goal by Tyler Randell - Mulligans : 4 - Harfangs : 5.
10:30 of 3rd period - Eric Tangradi wins face-off versus Tyler Brenner in neutral zone.
11:23 of 3rd period - Snap shot by Joonas Donskoi.
11:23 of 3rd period - Shot Blocked by Dylan Olsen.
11:25 of 3rd period - Snap shot by Drayson Bowman.
11:25 of 3rd period - Stopped by Ilya Sorokin with a rebound.
11:37 of 3rd period - Nick Shore is hit by Eric Tangradi and loses puck.
12:18 of 3rd period - Off-side.
12:19 of 3rd period - Maxime Macenauer wins face-off versus Calle Jarnkrok in neutral zone.
13:21 of 3rd period - Mark Alt is hit by Jonathan Ferland and loses puck.
14:07 of 3rd period - Morgan Klimchuk is hit by Sam Bennett.
14:25 of 3rd period - Snap shot by Jonathan Ferland.
14:25 of 3rd period - Shot Misses the Net.
14:45 of 3rd period - Wrist shot by Robby Fabbri.
14:45 of 3rd period - Stopped by Ilya Sorokin without a rebound.
14:46 of 3rd period - Robby Fabbri wins face-off versus Calle Jarnkrok in Harfangs zone.
15:00 of 3rd period - Valeri Nichushkin is hit by Victor Bartley and loses puck.
15:31 of 3rd period - Slapshot by Jake Dotchin.
15:31 of 3rd period - Shot Blocked by Cody Goloubef.
15:33 of 3rd period - Wrist shot by Erik Nystrom.
15:33 of 3rd period - Shot Misses the Net.
15:35 of 3rd period - Wrist shot by Nick Shore.
15:35 of 3rd period - Shot Misses the Net.
15:37 of 3rd period - Snap shot by Erik Nystrom.
15:37 of 3rd period - Stopped by Juuse Saros with a rebound.
15:39 of 3rd period - Backhand shot by Erik Nystrom.
15:39 of 3rd period - Stopped by Juuse Saros with a rebound.
15:57 of 3rd period - Snap shot by Anton Lander.
15:57 of 3rd period - Goal by Anton Lander - Mulligans : 5 - Harfangs : 5.
15:58 of 3rd period - Sam Bennett wins face-off versus Tyler Brenner in neutral zone.
18:15 of 3rd period - Maxime Macenauer is hit by Reid McNeill and loses puck.
18:34 of 3rd period - Joonas Donskoi is hit by Brandon McMillan and loses puck.
18:41 of 3rd period - Wrist shot by Brandon McMillan.
18:41 of 3rd period - Shot Misses the Net.
18:43 of 3rd period - Snap shot by Calle Jarnkrok.
18:43 of 3rd period - Shot Misses the Net.
18:45 of 3rd period - Snap shot by Brandon McMillan.
18:45 of 3rd period - Harfangs goal is going for a video replay.
18:45 of 3rd period - The goal is refused. The goal has been scored and an ineligible player is on the ice..
18:46 of 3rd period - Anton Lander wins face-off versus Nick Shore in Mulligans zone.
19:21 of 3rd period - Snap shot by Drayson Bowman.
19:21 of 3rd period - Shot Misses the Net.
19:23 of 3rd period - Snap shot by Joonas Donskoi.
19:23 of 3rd period - Stopped by Ilya Sorokin without a rebound.
19:24 of 3rd period - Anton Lander wins face-off versus Tyler Brenner in Harfangs zone.
19:34 of 3rd period - Off-side.
19:35 of 3rd period - Tyler Brenner wins face-off versus Sam Bennett in neutral zone.
19:51 of 3rd period - Tyler Randell is hit by Cody Goloubef.
Goals for this period are 1 for Mulligans vs 1 for Harfangs.
Shots for this period are 9 for Mulligans vs 9 for Harfangs.
Overtime #1
0:01 of 1st overtime period - Tyler Randell wins face-off versus Anton Lander in neutral zone.
0:27 of 1st overtime period - Minor Penalty to Michael Sdao for Elbowing.
0:28 of 1st overtime period - Tyler Randell wins face-off versus Anton Lander in Mulligans zone.
0:31 of 1st overtime period - Wrist shot by Tyler Randell.
0:31 of 1st overtime period - Deflect By Michael Bournival.
0:31 of 1st overtime period - Stopped by Juuse Saros with a rebound.
0:33 of 1st overtime period - Slapshot by Dylan Olsen.
0:33 of 1st overtime period - Shot Blocked by Cody Goloubef.
0:35 of 1st overtime period - Snap shot by Michael Bournival.
0:35 of 1st overtime period - Shot Misses the Net.
0:37 of 1st overtime period - Wrist shot by Tyler Randell.
0:37 of 1st overtime period - Shot Misses the Net.
0:39 of 1st overtime period - Snap shot by Michael Bournival.
0:39 of 1st overtime period - Stopped by Juuse Saros without a rebound.
0:40 of 1st overtime period - Tyler Randell wins face-off versus Anton Lander in Mulligans zone.
1:28 of 1st overtime period - Jake Dotchin is hit by Ben Hutton and loses puck.
1:57 of 1st overtime period - Ben Hutton is hit by Victor Bartley and loses puck.
2:26 of 1st overtime period - Snap shot by Joonas Donskoi.
2:26 of 1st overtime period - Shot Misses the Net.
2:27 of 1st overtime period - Penalty to Michael Sdao is over, Michael Sdao is back on ice.
2:28 of 1st overtime period - Snap shot by Joonas Donskoi.
2:28 of 1st overtime period - Stopped by Ilya Sorokin without a rebound.
2:29 of 1st overtime period - Tyler Brenner wins face-off versus Anton Lander in Harfangs zone.
2:38 of 1st overtime period - Icing by Anton Lander.
2:39 of 1st overtime period - Tyler Randell wins face-off versus Anton Lander in Mulligans zone.
3:45 of 1st overtime period - Slapshot by Victor Bartley.
3:45 of 1st overtime period - Shot Blocked by Drayson Bowman.
4:33 of 1st overtime period - Reid McNeill is hit by Joonas Donskoi and loses puck.
4:38 of 1st overtime period - Wrist shot by Sven Baertschi.
4:38 of 1st overtime period - Stopped by Ilya Sorokin with a rebound.
Goals for this period are 0 for Mulligans vs 0 for Harfangs.
Shots for this period are 2 for Mulligans vs 2 for Harfangs.
ShootOut
5:00 of 1st overtime period - Round #1.
5:00 of 1st overtime period - Mulligans, Anton Lander.
5:00 of 1st overtime period - Wrist shot by Anton Lander.
5:00 of 1st overtime period - Stopped by Ilya Sorokin.
5:00 of 1st overtime period - Harfangs, Tyler Randell.
5:00 of 1st overtime period - Snap shot by Tyler Randell.
5:00 of 1st overtime period - Shot Misses the Net.
5:00 of 1st overtime period - Round #2.
5:00 of 1st overtime period - Mulligans, Eric Tangradi.
5:00 of 1st overtime period - Wrist shot by Eric Tangradi.
5:00 of 1st overtime period - Goal by Eric Tangradi.
5:00 of 1st overtime period - Harfangs, Michael Bournival.
5:00 of 1st overtime period - Deke by Michael Bournival.
5:00 of 1st overtime period - Shot Misses the Net.
5:00 of 1st overtime period - Round #3.
5:00 of 1st overtime period - Mulligans, Jonathan Ferland.
5:00 of 1st overtime period - Backhand shot by Jonathan Ferland.
5:00 of 1st overtime period - Shot Misses the Net.
5:00 of 1st overtime period - Harfangs, Tyler Brenner.
5:00 of 1st overtime period - Wrist shot by Tyler Brenner.
5:00 of 1st overtime period - Stopped by Juuse Saros.
Back to the Top